 Dungeon Crawl Stone Soup version 0.30-a0-778-g2ef04afb54 (webtiles) character file.

Game seed: 10185306546779019930

16 Firecrotchwizard the Chopper (level 2, -2/27 HPs)
             Began as a Hill Orc Monk on Feb 16, 2023.
             Slain by Terence
             ... wielding a +0 short sword
              (7 damage)
             ... on level 1 of the Dungeon.
             The game lasted 00:01:17 (514 turns).

Firecrotchwizard the Chopper (Hill Orc Monk)         Turns: 514, Time: 00:01:17

Health: -2/27      AC:  2    Str: 13    XL:     2   Next: 58%
Magic:  2/2        EV: 12    Int: 10    God:
Gold:   0          SH:  0    Dex: 13    Spells: 1/1 levels left

rFire   . . .      SeeInvis .    a - +0 hand axe
rCold   . . .      Faith    .    (no shield)
rNeg    . . .      Spirit   .    b - +0 robe
rPois   .          Reflect  .    (no helmet)
rElec   .          Harm     .    (no cloak)
rCorr   .          Rampage  .    (no gloves)
Will    .....                    (no boots)
Stlth   ++                       (no amulet)
HPRegen 0.24/turn                (no ring)
MPRegen 0.08/turn                (no ring)

@: no status effects
A: no striking features
a: no special abilities


You were on level 1 of the Dungeon.
You visited 1 branch of the dungeon, and saw 2 of its levels.

Inventory:

Hand Weapons
 a - a +0 hand axe (weapon)
Missiles
 c - 5 poisoned darts
 s - 2 stones (quivered)
Armour
 b - a +0 robe (worn)
Scrolls
 e - a scroll of amnesia {unknown}
Potions
 d - 3 potions of curing {unknown}
 f - a potion of attraction {unknown}
 G - a potion of ambrosia {!q}


   Skills:
 + Level 4.0 Fighting
 * Level 4.8 Axes
 - Level 2.4 Dodging
 - Level 1.5 Stealth


You had one spell level left.
You didn't know any spells.
Your spell library was empty.

Dungeon Overview and Level Annotations

Branches:
Dungeon (2/15)

Altars:
Qazlal

Annotations:
D:1 Terence
D:2 Jessica, Robin


Message History

You start resting.
Health restored: 20 You climb downwards.
Level annotation: Jessica, Robin, Terence The adder bites you.
You are poisoned.
The adder poisons you! The adder misses you.
There is a stone staircase leading up, spattered with blood here.
You take 2 damage, and have 18/20 hp.
You hit the adder.
You feel sick.
The adder bites you but does no damage. x2
You take 2 damage, and have 16/20 hp.
You barely miss the adder.
You feel sick. The adder barely misses you.
You closely miss the adder.
You feel sick. The adder barely misses you.
The adder bites you but does no damage.
You take 1 damage, and have 15/20 hp.
Unknown command.
You hit the adder.
You feel sick.
You are no longer poisoned.
The adder closely misses you.
You take 1 damage, and have 14/20 hp.
You closely miss the adder. The adder misses you.
You barely miss the adder. The adder bites you but does no damage.
The adder bites you.
You take 1 damage, and have 13/20 hp.
You miss the adder. The adder barely misses you.
You miss the adder. The adder bites you. x2
You are poisoned.
The adder poisons you!
You take 2 damage, and have 11/20 hp.
You miss the adder.
You feel sick. The adder bites you.
You are more poisoned.
The adder poisons you!
You take 4 damage, and have 7/20 hp.
You hit the adder.
You kill the adder!
* * * LOW HITPOINT WARNING * * *
You feel sick.
Your Fighting skill increases to level 4!
You have reached level 2!
MP restored: 2
Okay, then.
You feel sick.
You climb upwards.
You feel sick.
There is a stone staircase leading down here.
You take 3 damage, and have 5/27 hp.
You start resting.
You feel sick. x3
You are no longer poisoned.
You take 2 damage, and have 3/27 hp.
You start resting.
Health restored: 27
(D) Dungeon
Where to? (Enter - D:2, ? - help)
You climb downwards.
Level annotation: Jessica, Robin, Terence
There is a stone staircase leading up, spattered with blood here.
s - 2 stones (quivered)
d - 3 inky potions (gained 1)
Found a stormy altar of Qazlal.
Found a stone staircase leading down.
e - a scroll labelled TOEXTI NYGAWUL
f - an amethyst potion A kobold comes into view.
It is wielding a +0 club.
The kobold shouts!
The kobold closely misses you.
You closely miss the kobold. The kobold hits you with a +0 club.
You take 3 damage, and have 24/27 hp.
Terence shouts!
You hit the kobold.
You kill the kobold!
Jessica mumbles some strange words.
Jessica blinks!
A goblin comes into view. It is wielding a +0 club.
Terence screams, "I'm going to kill you!"
Terence shouts, "DIE!!!"
Health restored: 27
There is a stone staircase leading up, spattered with blood here.
Terence shouts, "ATTACK!!!"
Terence shouts, "Get ready for death!"
Terence barely misses you.
You climb upwards.
There is a stone staircase leading down here.
You barely miss Terence. Terence barely misses you.
You hit Terence but do no damage. Terence hits you with a +0 short sword.
You take 4 damage, and have 23/27 hp.
You barely miss Terence. Terence hits you with a +0 short sword.
You take 3 damage, and have 20/27 hp.
You hit Terence but do no damage. Terence barely misses you.
You hit Terence but do no damage. Terence hits you with a +0 short sword.
Terence barely misses you.
You take 4 damage, and have 16/27 hp.
You barely miss Terence. Terence hits you with a +0 short sword.
You take 5 damage, and have 11/27 hp.
You hit Terence but do no damage. Terence hits you with a +0 short sword!
* * * LOW HITPOINT WARNING * * *
You take 7 damage, and have 4/27 hp.
MASSIVE DAMAGE!!
You barely miss Terence. Terence closely misses you.
You hit Terence but do no damage. Terence barely misses you.
You barely miss Terence. Terence hits you with a +0 short sword!
You die...

.##..........#
............#
#.######.### ...##
#.# #..# #.#
..#####.###.#
#...........#
+.......#####
#####...@@#######.
##.##.........
.......#######.
######.# #.# #..
... !.. ..


You could see Terence.

Vanquished Creatures
  An adder (D:2)
  A bat (D:1)
  2 goblins (D:1)
  A quokka (D:1)
  A kobold (D:2)
  A rat (D:1)
7 creatures vanquished.

Notes
Turn   | Place    | Note
-------+----------+-------------------------------------------
     0 | D:1      | Firecrotchwizard the Hill Orc Monk began the quest for the
                  | Orb.
     0 | D:1      | Reached XP level 1. HP: 19/19 MP: 1/1
    72 | D:2      | Noticed Robin
    72 | D:2      | Noticed Terence
    73 | D:2      | Noticed Jessica
   350 | D:2      | Reached skill level 4 in Fighting
   350 | D:2      | Reached XP level 2. HP: 8/27 MP: 2/2
   351 | D:1      | HP: 5/27 [poisoned by an adder]
   470 | D:2      | Found a stormy altar of Qazlal.
   511 | D:1      | HP: 4/27 [Terence/+0 short sword (7)]
   514 | D:1      | Slain by Terence

Illustrated notes

Levels and vault maps discovered:
D:1:      nzn_arrival_depleted_hourglass, layout_basic
D:2:      minmay_wonky_spiral, layout_rooms, basic_altar, minmay_misc_feat_chi,
          grunt_decor_fettered, uniq_robin, uniq_jessica, uniq_terence

Skill      XL: |  1 |
---------------+----+-----
Fighting       | 4 |  4.0
Axes           | |  4.8
Dodging        | |  2.4
Stealth        | |  1.5

Action                     || total
---------------------------++-------
  Melee: Hand axe          ||    42
 Armour: Robe              ||     8
  Dodge: Dodged            ||    28

Table legend: (Time is in decaauts)
 A = Elapsed time spent in this place.
 B = Non-inter-level travel time spent in this place.
 C = Inter-level travel time spent in this place.
 D = Time resting spent in this place.
 E = Time spent auto-exploring this place.
 F = Levels seen in this place.
 G = Mean time per level.
                   A        B        C        D        E       F      G
               +--------+--------+--------+--------+--------+-----+--------+
         Total |    519 |    503 |     16 |    193 |    195 |   2 |  259.5 |
       Dungeon |    519 |    503 |     16 |    193 |    195 |   2 |  259.5 |
               +--------+--------+--------+--------+--------+-----+--------+

Top non-repeatable levels by time:
     D:1: 442 daAuts
     D:2: 77 daAuts

Table legend:
 A = Kills in this place as a percentage of kills in entire the game.
 B = Kills by you in this place as a percentage of kills by you in the entire game.
 C = Kills by friends in this place as a percentage of kills by friends in the entire game.
 D = Other kills in this place as a percentage of other kills in the entire game.
 E = Experience gained in this place as a percentage of experience gained in the entire game.
 F = Experience gained in this place divided by the number of levels of this place that you have seen.
                   A       B       C       D       E      F
               +-------+-------+-------+-------+-------+----------------------
         Total | 100.0 | 100.0 |   N/A |   N/A | 100.0 |  12.0
       Dungeon | 100.0 | 100.0 |   N/A |   N/A | 100.0 |  12.0
               +-------+-------+-------+-------+-------+----------------------
